 Dungeon Sprint DCSS version 0.29-a0-459-g97dee8cd24 (webtiles) character file.

Game seed: 1762231946349620467

298547 mhtbhm the Swordmaster (level 18, -7/200 HPs)
             Began as a Minotaur Berserker on May 20, 2022.
             Was the Champion of Trog.
             Mangled by an Orb Guardian (40 damage)
             ... in the Dungeon (Sprint IX: "|||||||||||||||||||||||||||||").
             The game lasted 00:21:13 (12135 turns).

mhtbhm the Swordmaster (Minotaur Berserker)        Turns: 12135, Time: 00:21:13

Health: -7/200     AC: 42    Str: 34    XL:     18   Next: 65%
Magic:  19/19      EV: 20    Int:  2    God:    Trog [******]
Gold:   456        SH: 34    Dex: 11    Spells: 17/17 levels left

rFire   + . .      SeeInvis .   a - +10 zealot's sword {holy, *Rage rN+ EV+3}
rCold   + . .      Faith    .   c - +5 tower shield
rNeg    + . .      Spirit   .   b - +12 gold dragon scales
rPois   +          Reflect  +   (helmet restricted)
rElec   +          Harm     .   l - +1 cloak
rCorr   +          Rampage  .   C - +1 pair of gloves
Will    ++...      Rage     20% u - +1 pair of boots
Stlth   +......... NoTele   +   x - amulet of reflection
HPRegen 0.43/turn               T - ring of the Median {Will+ Str+2 Slay+3}
MPRegen 0.16/turn               S - ring of Rutedax {Drain rElec rCorr Str+3 Slay+3}

@: on berserk cooldown, studying Slings
A: horns 2, retaliatory headbutt, deformed body, dopey 1, poison resistance
}: 5/17 runes: decaying, serpentine, barnacled, silver, gossamer
a: Renounce Religion, Berserk, Trog's Hand, Brothers in Arms


You were in the Dungeon.
You worshipped Trog.
Trog was exalted by your worship.
You visited 1 branch You collected 1989 gold pieces.
You spent 1533 gold pieces at shops.

Inventory:

Hand Weapons
 a - the +10 zealot's sword (weapon) {holy, *Rage rN+ EV+3}
   (You found it in the Dungeon)

   It has been blessed by the Shining One to cause great damage to the undead
   and demons.
   Whenever the wielder enters a berserk rage, their allies are berserked
   alongside them.
   EV:        It affects your evasion (+3).
   rN:        It protects you from negative energy.
   *Rage:     It berserks you when you make melee attacks (+20% chance).
 j - a +5 double sword
 m - a +7 demon blade of flaming
 J - the +9 great sword "Arhy" {flame, rC+}
   (Trog gifted it to you in the Dungeon)

   It burns those it strikes, dealing additional fire damage.
   Big, fiery blades are also staple armaments of hydra-hunters.
   rC:        It protects you from cold.
Missiles
 o - 5 curare-tipped darts (quivered)
 v - 5 silver boomerangs
 K - 3 javelins
 L - a silver javelin
Armour
 b - +12 gold dragon scales (worn)
 c - a +5 tower shield (worn)
 k - the +3 scale mail of the Cockatrice {rN++ Int+2}
   (You found it in the Dungeon)

   Int:       It affects your intelligence (+2).
   rN:        It greatly protects you from negative energy.
 l - a +1 cloak (worn)
 u - a +1 pair of boots (worn)
 C - a +1 pair of gloves (worn)
 H - a +3 tower shield
Jewellery
 w - a +4 ring of evasion
 x - an amulet of reflection (around neck)
 A - a ring of protection from cold
 P - the ring "Beilim Owkaa" {Int+3 SInv}
   (You found it in the Dungeon)

   [ring of see invisible]

   Int:       It affects your intelligence (+3).
   SInv:      It lets you see invisible.
 R - a +3 ring of slaying
 S - the ring of Rutedax (right hand) {Drain rElec rCorr Str+3 Slay+3}
   (You found it in the Dungeon)

   [ring of strength]

   Str:       It affects your strength (+3).
   Slay:      It affects your accuracy & damage with ranged weapons and melee
   (+3).
   rElec:     It insulates you from electricity.
   rCorr:     It protects you from acid and corrosion.
   Drain:     It drains your maximum health when unequipped.
 T - the ring of the Median (left hand) {Will+ Str+2 Slay+3}
   (You found it in the Dungeon)

   [ring of slaying]

   Str:       It affects your strength (+2).
   Slay:      It affects your accuracy & damage with ranged weapons and melee
   (+3).
   Will:      It increases your willpower.
Scrolls
 h - 2 scrolls of blinking
 q - 4 scrolls of enchant weapon
 r - 2 scrolls of fog
 t - a scroll of silence
 E - a scroll of identify
 F - 6 scrolls of fear
Potions
 d - 15 potions of heal wounds
 e - 9 potions of haste
 f - 10 potions of magic
 g - 3 potions of berserk rage
 i - a potion of invisibility
 I - 2 potions of resistance
 O - 4 potions of curing
 V - 3 potions of might


   Skills:
 O Level 27 Fighting
 - Level 4.1(17.1) Short Blades
 O Level 27 Long Blades
 - Level 4.5(7.2) Axes
 - Level 7.4(8.6) Maces & Flails
 - Level 4.4(6.2) Polearms
 - Level 4.5(7.3) Staves
 + Level 4.3(4.7) Slings
 - Level 4.0 Bows
 - Level 4.0 Crossbows
 - Level 2.4(3.5) Throwing
 O Level 27 Armour
 O Level 27 Dodging
 + Level 23.3 Stealth
 O Level 27 Shields
 - Level 4.0 Unarmed Combat
 - Level 3.7 Invocations
 O Level 27 Evocations


You had 17 spell levels left.
You didn't know any spells.
Your spell library was empty.

Dungeon Overview and Level Annotations

Branches:
Dungeon (1/1)

Altars:
Cheibriados
Dithmenos
Elyvilon
Fedhas
Gozag
Hepliaklqana
Kikubaaqudgha
Makhleb
Nemelex Xobeh
Okawaru
Qazlal
Ru
Sif Muna
Trog
Uskayaw
Vehumet
Wu Jian
Xom
Yredelemnul
Zin
The Shining One
Beogh
Jiyva
Lugonu

Shops:
D ([==


Innate Abilities, Weirdness & Mutations

You have a pair of horns on your head.
You reflexively headbutt those who attack you in melee.
Armour fits poorly on your strangely shaped body.
You are dopey. (Int -2)
Your system is resistant to poisons. (rPois)


Message History

You closely miss the Orb Guardian.
The Orb Guardian is lightly wounded.
The Orb Guardian hits you!
You slash the Orb Guardian!
The Orb Guardian is moderately wounded.
You feel yourself speed up. You block the Orb Guardian's attack.
You slice the Orb Guardian!! You headbutt the Orb Guardian!!
The Orb Guardian is almost dead.
You block the Orb Guardian's attack.
You barely miss the Orb Guardian. Your headbutt misses the Orb Guardian.
The Orb Guardian is almost dead.
The Orb Guardian hits you but does no damage.
You slash the Orb Guardian!
You kill the Orb Guardian!
Trog accepts your kill.
An Orb Guardian comes into view.
A moth of wrath comes into view.
The moth of wrath's fur bristles in rage as it notices you.
An Orb Guardian comes into view.
You see here the Orb of Zot.
You slash the Orb Guardian! Your headbutt misses the Orb Guardian.
The Orb Guardian is lightly wounded.
The moth of wrath goads the Orb Guardian on!
The Orb Guardian goes berserk!
You block the Orb Guardian's attack.
You closely miss the Orb Guardian.
The Orb Guardian is lightly wounded.
You block the Orb Guardian's attack.
You closely miss the Orb Guardian.
The Orb Guardian is lightly wounded.
You block the Orb Guardian's attack.
You slash the Orb Guardian! Your headbutt misses the Orb Guardian.
The Orb Guardian is lightly wounded.
You block the Orb Guardian's attack.
You slice the Orb Guardian like a ripe choko!!!
The Orb Guardian is heavily wounded.
The Orb Guardian hits you!!!
* * * LOW HITPOINT WARNING * * *
The Orb Guardian hits you!!!
You die...

▓▓▓▓▓▓▓▓▓▓▓▓▓▓▓▓▓▓▓▓▓▓▓▓
....XyX@.....)')........
▓▓▓▓▓▓▓▓▓▓▓▓▓▓▓▓▓▓▓▓▓▓▓▓▓▓▓▓
▓...........................
▓.▓▓▓▓▓▓▓▓▓▓▓▓▓▓▓▓▓▓▓▓▓▓▓▓▓▓
▓....'...))[)†.).....))))'..
▓▓▓▓▓▓▓▓▓▓▓▓▓▓▓▓▓▓▓▓▓▓▓▓▓▓▓▓
▓...........................
▓.▓▓▓▓▓▓▓▓▓▓▓▓▓▓▓▓▓▓▓▓▓▓▓▓▓▓
▓=.....'....................


You could see 2 Orb Guardians and a moth of wrath.

Vanquished Creatures
  3 ancient liches (D)
  4 orbs of fire (D)
  Mara (D)
  3 golden dragons (D)
  Nikola (D)
  A bone dragon (D)
  3 tentacled monstrosities (D)
  3 electric golems (D)
  2 liches (D)
  26 Orb Guardians (D)
  2 quicksilver dragons (D)
  3 sphinxes (D)
  Frances (D)
  6 shadow dragons (D)
  2 tengu reavers (D)
  2 storm dragons (D)
  Ilsuiw (D)
  A draconian monk (D)
  3 nagarajas (D)
  5 vault wardens (D)
  5 fire giants (D)
  3 frost giants (D)
  A draconian knight (D)
  2 emperor scorpions (D)
  6 ghost moths (D)
  Louise (D)
  2 draconian scorchers (D)
  Aizul (D)
  A draconian stormcaller (D)
  An ironbound preserver (D)
  A spriggan defender (D)
  A vampire knight (D)
  2 stone giants (D)
  An eleionoma (D)
  3 very ugly things (D)
  A green draconian (D)
  3 black draconians (D)
  3 purple draconians (D)
  2 yellow draconians (D)
  An entropy weaver (D)
  5 white draconians (D)
  3 spark wasps (D)
  A red draconian (D)
  A bunyip (D)
  3 ettins (D)
  3 merfolk javelineers (D)
  7 merfolk impalers (D)
  2 great orbs of eyes (D)
  6 fire dragons (D)
  4 hydras (D)
  26 vault guards (D)
  3 ice dragons (D)
  A ghost crab (D)
  A rakshasa (D)
  A spriggan air mage (D)
  A radroach (D)
  3 boulder beetles (D)
  An ironbound frostheart (D)
  An anaconda (D)
  2 centaur warriors (D)
  A two-headed ogre (D)
  2 naga warriors (D)
  A merfolk avatar (D)
  A deep troll earth mage (D)
  A vampire mage (D)
  2 alligators (D)
  A deep troll shaman (D)
  A spriggan berserker (D)
  Sonja (D)
  An orc high priest (D)
  Nergalle (D)
  A hell knight (D)
  A naga sharpshooter (D)
  A skeletal warrior (D)
  2 pharaoh ants (D)
  A sea snake (D)
  A glowing orange brain (shapeshifter) (D)
  A sun moth (D)
  A glowing orange brain (D)
  A goliath frog (D)
  9 swamp dragons (D)
  6 ironbound convokers (D)
  A wizard (D)
  A phantasmal warrior (D)
  14 orc knights (D)
  A necromancer (D)
  2 lindwurms (D)
  2 wolf spiders (D)
  2 will-o-the-wisps (D)
  A deep elf pyromancer (D)
  2 ugly things (D)
  A manticore (D)
  A merfolk siren (D)
  14 moths of wrath (D)
  7 black mambas (D)
  2 vault sentinels (D)
  A guardian serpent (D)
  A water nymph (D)
  An unseen horror (D)
  4 cane toads (D)
  2 naga magi (D)
  Psyche (D)
  A komodo dragon (D)
  A demonic crawler (D)
  2 guardian mummies (D)
  2 tengu conjurers (D)
  3 polar bears (D)
  A meliai (D)
  A troll (D)
  3 merfolk (D)
  2 slime creatures (D)
  A tyrant leech (D)
  A tarantella (D)
  A snapping turtle (D)
  A blink frog (D)
  2 jumping spiders (D)
  2 water elementals (D)
  A wyvern (D)
  A basilisk (D)
  4 yaks (D)
  Grum (D)
  Eustachio (D)
  3 redbacks (D)
  An acid dragon (D)
  3 water moccasins (D)
  6 black bears (D)
  11 orc warriors (D)
  4 wolves (D)
  A kobold brigand (D)
  A bullfrog (D)
  2 howler monkeys (D)
  3 orc priests (D)
  A gnoll shaman (D)
  5 orc wizards (D)
  2 adders (D)
  11 orcs (D)
  An endoplasm (D)
  A goblin (D)
  A ball python (D)
  A ball python simulacrum (D)
  A frilled lizard (D)
  A rat (D)
380 creatures vanquished.

Vanquished Creatures (collateral kills)
  Saint Roka (D)
  A tentacled monstrosity (D)
  2 nagarajas (D)
  A frost giant (D)
  A draconian shifter (D)
  A purple draconian (D)
  A boulder beetle (D)
  A deep troll earth mage (D)
  A vault sentinel (D)
  3 naga magi (D)
  A guardian serpent (D)
  A troll (D)
  2 orc warriors (D)
  An ogre (D)
18 creatures vanquished.

Vanquished Creatures (others)
  A hydra (D)
  A naga warrior (D)
  A wizard (D)
  A swamp drake (D)
  2 foxfires (D)
6 creatures vanquished.

Grand Total: 404 creatures vanquished

Notes
Turn   | Place    | Note
-------+----------+-------------------------------------------
     0 | D        | mhtbhm the Minotaur Berserker began the quest for the Orb.
     0 | D        | Reached XP level 1. HP: 19/19 MP: 0/0
     9 | D        | Reached ** piety under Trog
    34 | D        | Noticed a howler monkey
    34 | D        | Noticed a gnoll shaman
    43 | D        | Killed a gnoll shaman
    44 | D        | Reached skill level 5 in Fighting
    44 | D        | Reached skill level 5 in Maces & Flails
    44 | D        | Reached XP level 2. HP: 12/30 MP: 1/1
    44 | D        | Reached XP level 3. HP: 15/37 MP: 2/2
    44 | D        | Reached *** piety under Trog
    50 | D        | Reached XP level 4. HP: 20/47 MP: 3/3
   159 | D        | Found a snail-covered altar of Cheibriados.
   159 | D        | Found a shadowy altar of Dithmenos.
   159 | D        | Found a white marble altar of Elyvilon.
   159 | D        | Found a blossoming altar of Fedhas.
   159 | D        | Found an opulent altar of Gozag.
   160 | D        | Found a hazy altar of Hepliaklqana.
   161 | D        | Found a viscous altar of Jiyva.
   162 | D        | Found an ancient bone altar of Kikubaaqudgha.
   163 | D        | Found a corrupted altar of Lugonu.
   164 | D        | Found a burning altar of Makhleb.
   165 | D        | Found a sparkling altar of Nemelex Xobeh.
   166 | D        | Found an iron altar of Okawaru.
   167 | D        | Found a stormy altar of Qazlal.
   168 | D        | Found a sacrificial altar of Ru.
   169 | D        | Found a shimmering blue altar of Sif Muna.
   170 | D        | Found a bloodstained altar of Trog.
   171 | D        | Found a hide-covered altar of Uskayaw.
   172 | D        | Found a radiant altar of Vehumet.
   173 | D        | Found an ornate altar of the Wu Jian Council.
   174 | D        | Found a shimmering altar of Xom.
   175 | D        | Found a basalt altar of Yredelemnul.
   176 | D        | Found a glowing silver altar of Zin.
   177 | D        | Found a glowing golden altar of the Shining One.
   262 | D        | Found the +10 zealot's sword {holy, *Rage rN+ EV+3}
   307 | D        | Noticed a two-headed ogre
   307 | D        | Noticed a kobold brigand
   307 | D        | Noticed a yak
   307 | D        | Noticed a wyvern
   309 | D        | Reached **** piety under Trog
   312 | D        | Killed a wyvern
   313 | D        | Reached skill level 10 in Fighting
   313 | D        | Reached skill level 5 in Long Blades
   313 | D        | Reached skill level 5 in Armour
   313 | D        | Reached skill level 5 in Dodging
   313 | D        | Reached XP level 5. HP: 58/58 MP: 4/4
   315 | D        | Killed a yak
   316 | D        | Reached XP level 6. HP: 69/69 MP: 5/5
   322 | D        | Killed a two-headed ogre
   323 | D        | Reached XP level 7. HP: 79/80 MP: 6/6
   323 | D        | Reached XP level 8. HP: 87/88 MP: 7/7
   325 | D        | Reached ***** piety under Trog
   441 | D        | Noticed a troll
   441 | D        | Noticed a deep elf pyromancer
   441 | D        | Noticed a troll
   441 | D        | Noticed a skeletal warrior
   441 | D        | Noticed a five-headed hydra
   448 | D        | Killed an 11-headed hydra
   452 | D        | Killed an unseen horror
   453 | D        | Reached skill level 15 in Fighting
   453 | D        | Reached XP level 9. HP: 37/97 MP: 8/8
   459 | D        | Killed a skeletal warrior
   460 | D        | Reached skill level 15 in Long Blades
   466 | D        | Killed a troll
   468 | D        | Killed a troll
   471 | D        | HP: 2/100 [deep elf pyromancer/bolt of fire (38)]
   474 | D        | Killed a deep elf pyromancer
   474 | D        | Received a gift from Trog
   989 | D        | Noticed a cane toad
   989 | D        | Noticed a komodo dragon
   992 | D        | Reached skill level 10 in Armour
   995 | D        | Noticed a cane toad
   996 | D        | Killed a komodo dragon
   997 | D        | Reached skill level 1 in Evocations
   997 | D        | Reached XP level 10. HP: 108/108 MP: 9/9
  1001 | D        | Killed a cane toad
  1003 | D        | Received a gift from Trog
  1015 | D        | Killed a cane toad
  1235 | D        | Noticed a black mamba
  1235 | D        | Noticed a cane toad
  1235 | D        | Noticed a black mamba
  1236 | D        | Noticed a six-headed hydra
  1237 | D        | Killed a black mamba
  1243 | D        | Noticed a cane toad
  1244 | D        | Killed a cane toad
  1246 | D        | Received a gift from Trog
  1249 | D        | Killed a black mamba
  1252 | D        | Killed an eight-headed hydra
  1259 | D        | Killed a cane toad
  1448 | D        | Reached XP level 11. HP: 118/118 MP: 10/10
  1452 | D        | Reached ****** piety under Trog
  1455 | D        | Received a gift from Trog
  1530 | D        | Noticed Sonja
  1534 | D        | Killed Sonja
  1606 | D        | Noticed Psyche
  1613 | D        | Killed Psyche
  1742 | D        | Noticed an orc knight
  1753 | D        | Killed an orc knight
  1755 | D        | Received a gift from Trog
  1773 | D        | Received a gift from Trog
  1845 | D        | Received a gift from Trog
  1846 | D        | Noticed an orc high priest
  1849 | D        | Noticed an orc knight
  1870 | D        | Noticed a sixfirhy
  1876 | D        | Killed an orc high priest
  1876 | D        | Identified the +6 long sword "Vaunies" {vorpal, Str+3}
                  | (Trog gifted it to you in the Dungeon)
  1876 | D        | Received a gift from Trog
  1884 | D        | Killed an orc knight
  2070 | D        | Found Badgheok's Jewellery Boutique.
  2070 | D        | Noticed an orc knight
  2070 | D        | Noticed an orc knight
  2070 | D        | Noticed an orc knight
  2070 | D        | Noticed an orc knight
  2073 | D        | Noticed an orc knight
  2074 | D        | Killed an orc knight
  2075 | D        | Noticed an orc knight
  2082 | D        | Killed an orc knight
  2083 | D        | Found Poisyer's Jewellery Shop.
  2085 | D        | Noticed an orc knight
  2085 | D        | Killed an orc knight
  2092 | D        | Killed an orc knight
  2092 | D        | Received a gift from Trog
  2093 | D        | Found Voqoetsa's Antique Armour Boutique.
  2095 | D        | Noticed an orc knight
  2099 | D        | Killed an orc knight
  2508 | D        | Killed an orc knight
  2513 | D        | Killed an orc knight
  2549 | D        | Killed an orc knight
  2913 | D        | Noticed an orc knight
  2915 | D        | Found Waisuim's Weapon Shop.
  2919 | D        | Noticed an orc knight
  2920 | D        | Killed an orc knight
  2921 | D        | Reached XP level 12. HP: 133/133 MP: 11/11
  2984 | D        | Bought 5 silver boomerangs for 75 gold pieces
  2986 | D        | Bought a shiny orb for 348 gold pieces
  2988 | D        | Bought an amulet of reflection for 330 gold pieces
  2990 | D        | Bought an amulet of faith for 520 gold pieces
  2990 | D        | Bought a ring of resist corrosion for 260 gold pieces
  3039 | D        | Noticed Grum
  3046 | D        | Killed Grum
  3046 | D        | Received a gift from Trog
  3063 | D        | Noticed Eustachio
  3069 | D        | Killed Eustachio
  3155 | D        | Got the +3 scale mail of the Cockatrice {rN++ Int+2}
  3218 | D        | Noticed a boulder beetle
  3218 | D        | Noticed a boulder beetle
  3223 | D        | Killed a boulder beetle
  3228 | D        | Noticed a purple very ugly thing
  3228 | D        | Received a gift from Trog
  3233 | D        | Noticed a rakshasa
  3245 | D        | Killed a purple very ugly thing
  3246 | D        | Reached skill level 15 in Armour
  3259 | D        | Killed a rakshasa
  3359 | D        | Killed a boulder beetle
  3359 | D        | Received a gift from Trog
  3406 | D        | Noticed a fire dragon
  3406 | D        | Noticed a spark wasp
  3414 | D        | Killed a fire dragon
  3417 | D        | Killed a spark wasp
  3693 | D        | Noticed Frances
  3705 | D        | Killed Frances
  3778 | D        | Noticed a bunyip
  3778 | D        | Noticed an alligator
  3778 | D        | Noticed an alligator
  3785 | D        | Reached skill level 1 in Shields
  3787 | D        | Received a gift from Trog
  3788 | D        | Noticed an eleionoma
  3794 | D        | Killed an alligator
  3802 | D        | Killed an eleionoma
  3809 | D        | Killed an alligator
  3814 | D        | Killed a bunyip
  3814 | D        | Received a gift from Trog
  3815 | D        | Reached XP level 13. HP: 146/146 MP: 12/12
  3959 | D        | Noticed a spark wasp
  3977 | D        | Killed a spark wasp
  3977 | D        | Received a gift from Trog
  3978 | D        | Noticed an entropy weaver
  3984 | D        | Reached skill level 27 in Long Blades
  4085 | D        | Killed an entropy weaver
  4149 | D        | Noticed a merfolk impaler
  4153 | D        | Killed a merfolk impaler
  4155 | D        | Received a gift from Trog
  4156 | D        | Noticed a merfolk impaler
  4171 | D        | Received a gift from Trog
  4179 | D        | Killed a merfolk impaler
  4262 | D        | Received a gift from Trog
  4281 | D        | Received a gift from Trog
  4378 | D        | Noticed Nergalle
  4391 | D        | Killed Nergalle
  4392 | D        | Reached skill level 5 in Shields
  4451 | D        | Noticed a red very ugly thing
  4451 | D        | Noticed a lich
  4451 | D        | Noticed a fire giant
  4458 | D        | Received a gift from Trog
  4465 | D        | Reached skill level 10 in Dodging
  4469 | D        | Killed a fire giant
  4470 | D        | Noticed a frost giant
  4475 | D        | Killed a lich
  4476 | D        | Noticed a frost giant
  4480 | D        | Killed a red very ugly thing
  4480 | D        | Received a gift from Trog
  4481 | D        | Noticed an ettin
  4485 | D        | Noticed a frost giant
  4490 | D        | Reached skill level 27 in Fighting
  4491 | D        | Noticed a frost giant
  4500 | D        | Reached XP level 14. HP: 72/168 MP: 13/13
  4508 | D        | Killed a frost giant
  4508 | D        | Received a gift from Trog
  4596 | D        | Killed a frost giant
  4603 | D        | Killed a frost giant
  5075 | D        | Killed a frost giant
  5247 | D        | Identified the +1 scimitar of the Final Chapter {vorpal,
                  | Dex+5} (Trog gifted it to you in the Dungeon)
  5247 | D        | Received a gift from Trog
  5361 | D        | Noticed a fire giant
  5374 | D        | Killed a fire giant
  5578 | D        | Noticed a cyan very ugly thing
  5587 | D        | Killed a cyan very ugly thing
  5593 | D        | Received a gift from Trog
  5648 | D        | Noticed a vault warden
  5664 | D        | Killed a vault warden
  5670 | D        | Received a gift from Trog
  5675 | D        | Reached skill level 10 in Shields
  5675 | D        | Noticed a vault warden
  5698 | D        | Killed a vault warden
  5706 | D        | Noticed a vault warden
  5707 | D        | Received a gift from Trog
  5711 | D        | Noticed a vault warden
  5716 | D        | Noticed a sphinx
  5720 | D        | Killed a vault warden
  5749 | D        | Killed a vault warden
  5755 | D        | Received a gift from Trog
  5760 | D        | Killed a sphinx
  5761 | D        | Reached skill level 1 in Throwing
  6009 | D        | Received a gift from Trog
  6085 | D        | Noticed Mara
  6097 | D        | Killed Mara
  6118 | D        | Noticed Saint Roka
  6144 | D        | Killed Saint Roka
  6148 | D        | Received a gift from Trog
  6660 | D        | Noticed Aizul
  6675 | D        | Killed Aizul
  6898 | D        | Reached XP level 15. HP: 174/174 MP: 14/14
  6903 | D        | Reached skill level 27 in Armour
  6905 | D        | Identified the +9 great sword "Arhy" {flame, rC+} (Trog
                  | gifted it to you in the Dungeon)
  6905 | D        | Received a gift from Trog
  6929 | D        | Reached skill level 15 in Shields
  6938 | D        | Received a gift from Trog
  7176 | D        | Got a decaying rune of Zot
  7183 | D        | Noticed an emperor scorpion
  7189 | D        | Killed an emperor scorpion
  7198 | D        | Reached skill level 5 in Evocations
  7206 | D        | Received a gift from Trog
  7212 | D        | Noticed an emperor scorpion
  7261 | D        | Killed an emperor scorpion
  7330 | D        | Received a gift from Trog
  7342 | D        | Got a gossamer rune of Zot
  7528 | D        | Noticed a nagaraja
  7528 | D        | Noticed a nagaraja
  7529 | D        | Noticed a nagaraja
  7536 | D        | Killed a nagaraja
  7541 | D        | Killed a nagaraja
  7551 | D        | Noticed a nagaraja
  7556 | D        | Killed a nagaraja
  7556 | D        | Received a gift from Trog
  7557 | D        | Noticed a nagaraja
  7574 | D        | Killed a nagaraja
  7575 | D        | Killed a nagaraja
  7575 | D        | Received a gift from Trog
  7579 | D        | Received a gift from Trog
  7859 | D        | Got a serpentine rune of Zot
  7982 | D        | Noticed Ilsuiw
  7989 | D        | Reached skill level 15 in Dodging
  8017 | D        | Killed Ilsuiw
  8023 | D        | Received a gift from Trog
  8070 | D        | Received a gift from Trog
  8082 | D        | Got a barnacled rune of Zot
  8323 | D        | Noticed Nikola
  8336 | D        | Killed Nikola
  8480 | D        | Received a gift from Trog
  8506 | D        | Reached skill level 27 in Shields
  8519 | D        | Received a gift from Trog
  8536 | D        | Reached XP level 16. HP: 173/183 MP: 15/15
  8566 | D        | Received a gift from Trog
  8619 | D        | Received a gift from Trog
  8680 | D        | Noticed a tengu reaver
  8685 | D        | Killed a tengu reaver
  8686 | D        | Noticed a sphinx
  8692 | D        | Received a gift from Trog
  8703 | D        | Received a gift from Trog
  8710 | D        | Killed a sphinx
  8713 | D        | Noticed a shadow dragon
  8721 | D        | Received a gift from Trog
  8725 | D        | Noticed a shadow dragon
  8733 | D        | Killed a shadow dragon
  8759 | D        | Killed a shadow dragon
  8767 | D        | Received a gift from Trog
  8829 | D        | Noticed a shadow dragon
  8829 | D        | Noticed a shadow dragon
  8829 | D        | Noticed a tengu reaver
  8829 | D        | Noticed a shadow dragon
  8830 | D        | Noticed an ancient lich
  8837 | D        | Noticed a tentacled monstrosity
  8844 | D        | Killed a shadow dragon
  8853 | D        | Noticed a shadow dragon
  8855 | D        | Killed a tengu reaver
  8868 | D        | Killed an ancient lich
  8868 | D        | Received a gift from Trog
  8886 | D        | Killed a tentacled monstrosity
  8887 | D        | Reached skill level 27 in Dodging
  9309 | D        | Noticed a sphinx
  9309 | D        | Noticed an orb of fire
  9309 | D        | Killed a shadow dragon
  9310 | D        | Reached skill level 1 in Short Blades
  9310 | D        | Reached skill level 1 in Axes
  9310 | D        | Reached skill level 1 in Polearms
  9310 | D        | Reached skill level 1 in Staves
  9310 | D        | Reached skill level 1 in Slings
  9310 | D        | Reached skill level 1 in Bows
  9310 | D        | Reached skill level 1 in Crossbows
  9310 | D        | Reached skill level 1 in Unarmed Combat
  9310 | D        | Reached skill level 1 in Invocations
  9321 | D        | Gained mutation: You sometimes lose the ability to read
                  | scrolls when taking damage. [an orb of fire]
  9323 | D        | Gained mutation: Armour fits poorly on your strangely
                  | shaped body. [an orb of fire]
  9326 | D        | Killed an orb of fire
  9332 | D        | Killed a sphinx
  9332 | D        | Received a gift from Trog
  9346 | D        | Killed a shadow dragon
  9358 | D        | Killed a shadow dragon
  9366 | D        | Lost mutation: Armour fits poorly on your strangely shaped
                  | body. [potion of mutation]
  9366 | D        | Lost mutation: You sometimes lose the ability to read
                  | scrolls when taking damage. [potion of mutation]
  9366 | D        | Gained mutation: You are dopey. (Int -2) [potion of
                  | mutation]
  9366 | D        | Lost mutation: You are dopey. (Int -2) [potion of mutation]
  9366 | D        | Gained mutation: Your system is resistant to poisons.
                  | (rPois) [potion of mutation]
  9601 | D        | Got a silver rune of Zot
  9660 | D        | Noticed Louise
  9682 | D        | Killed Louise
  9952 | D        | Got the ring "Beilim Owkaa" {Int+3 SInv}
  9954 | D        | Got the ring of the Will of the Gods {Ice Fly rN+ Int-2
                  | Dex+2}
  9958 | D        | Got the ring of Rutedax {Drain rElec rCorr Str+3 Slay+3}
  9960 | D        | Got the ring of the Median {Will+ Str+2 Slay+3}
  9970 | D        | Got the +5 great sword of Xoran {elec, rElec rC+ rN+ Dex-2}
 10131 | D        | Noticed a lich
 10137 | D        | Reached skill level 1 in Stealth
 10145 | D        | Received a gift from Trog
 10149 | D        | Killed a lich
 10150 | D        | Reached skill level 10 in Evocations
 10166 | D        | Received a gift from Trog
 10264 | D        | Noticed a golden dragon
 10280 | D        | Killed a golden dragon
 10281 | D        | Reached XP level 17. HP: 191/191 MP: 18/18
 10281 | D        | Noticed a bone dragon
 10307 | D        | Killed a bone dragon
 10307 | D        | Received a gift from Trog
 10325 | D        | Reached skill level 15 in Evocations
 10496 | D        | Noticed a tentacled monstrosity
 10511 | D        | Killed a tentacled monstrosity
 10511 | D        | Received a gift from Trog
 10514 | D        | Reached skill level 5 in Stealth
 10569 | D        | Noticed a golden dragon
 10586 | D        | Killed a golden dragon
 10611 | D        | Received a gift from Trog
 10760 | D        | Noticed a tentacled monstrosity
 10767 | D        | Killed a tentacled monstrosity
 10774 | D        | Noticed a quicksilver dragon
 10779 | D        | Received a gift from Trog
 10799 | D        | Killed a quicksilver dragon
 10898 | D        | Noticed a quicksilver dragon
 10898 | D        | Noticed a golden dragon
 10913 | D        | Killed a golden dragon
 10919 | D        | Killed a quicksilver dragon
 10923 | D        | Received a gift from Trog
 11087 | D        | Noticed an Orb Guardian
 11087 | D        | Noticed an Orb Guardian
 11087 | D        | Noticed an Orb Guardian
 11087 | D        | Noticed an Orb Guardian
 11087 | D        | Noticed an Orb Guardian
 11087 | D        | Noticed an Orb Guardian
 11091 | D        | Killed an Orb Guardian
 11092 | D        | Noticed an Orb Guardian
 11096 | D        | Killed an Orb Guardian
 11102 | D        | Killed an Orb Guardian
 11102 | D        | Received a gift from Trog
 11107 | D        | Killed an Orb Guardian
 11111 | D        | Killed an Orb Guardian
 11112 | D        | Noticed an Orb Guardian
 11115 | D        | Killed an Orb Guardian
 11116 | D        | Noticed an Orb Guardian
 11121 | D        | Killed an Orb Guardian
 11124 | D        | Killed an Orb Guardian
 11124 | D        | Noticed an Orb Guardian
 11131 | D        | Killed an Orb Guardian
 11139 | D        | Killed an Orb Guardian
 11139 | D        | Received a gift from Trog
 11153 | D        | Noticed an Orb Guardian
 11153 | D        | Noticed an Orb Guardian
 11153 | D        | Noticed a Killer Klown
 11154 | D        | Noticed an Orb Guardian
 11156 | D        | Noticed an Orb Guardian
 11170 | D        | a Killer Klown changed into something unseen
 11177 | D        | Killed an Orb Guardian
 11188 | D        | Killed an Orb Guardian
 11211 | D        | Killed an Orb Guardian
 11218 | D        | Killed an Orb Guardian
 11218 | D        | Received a gift from Trog
 11219 | D        | Reached XP level 18. HP: 200/200 MP: 15/19
 11363 | D        | Noticed an ancient lich
 11376 | D        | Killed an ancient lich
 11434 | D        | Noticed an electric golem
 11441 | D        | Killed an electric golem
 11442 | D        | Reached skill level 10 in Stealth
 11442 | D        | Reached skill level 27 in Evocations
 11480 | D        | Noticed an ancient lich
 11480 | D        | Noticed an electric golem
 11484 | D        | Noticed an orb of fire
 11484 | D        | Killed an electric golem
 11493 | D        | Noticed an Orb Guardian
 11498 | D        | Noticed an electric golem
 11504 | D        | Killed an ancient lich
 11504 | D        | Received a gift from Trog
 11518 | D        | Gained mutation: Armour fits poorly on your strangely
                  | shaped body. [an orb of fire]
 11519 | D        | Gained mutation: You are dopey. (Int -2) [an orb of fire]
 11521 | D        | Gained mutation: You sometimes lose the ability to read
                  | scrolls when taking damage. [an orb of fire]
 11525 | D        | Gained mutation: You are weak. (Str -2) [an orb of fire]
 11528 | D        | Killed an orb of fire
 11529 | D        | Reached skill level 15 in Stealth
 11539 | D        | Killed an Orb Guardian
 11539 | D        | Identified the +10 falchion of Exoneration {flame, *Corrode
                  | rF+ Dex+10} (Trog gifted it to you in the Dungeon)
 11539 | D        | Received a gift from Trog
 11552 | D        | Killed an electric golem
 11903 | D        | Noticed an orb of fire
 11904 | D        | Noticed a tentacled monstrosity
 11905 | D        | Noticed an Orb Guardian
 11906 | D        | Noticed an orb of fire
 11913 | D        | Killed an orb of fire
 11928 | D        | Killed an orb of fire
 11931 | D        | Killed a tentacled monstrosity
 11936 | D        | Killed an Orb Guardian
 12051 | D        | Lost mutation: You sometimes lose the ability to read
                  | scrolls when taking damage. [potion of mutation]
 12051 | D        | Lost mutation: You are weak. (Str -2) [potion of mutation]
 12057 | D        | Noticed an Orb Guardian
 12057 | D        | Noticed an Orb Guardian
 12057 | D        | Noticed an Orb Guardian
 12057 | D        | Noticed an Orb Guardian
 12057 | D        | Noticed an Orb Guardian
 12057 | D        | Noticed an Orb Guardian
 12061 | D        | Killed an Orb Guardian
 12061 | D        | Received a gift from Trog
 12066 | D        | Killed an Orb Guardian
 12069 | D        | Killed an Orb Guardian
 12074 | D        | Killed an Orb Guardian
 12084 | D        | Killed an Orb Guardian
 12085 | D        | Noticed an Orb Guardian
 12099 | D        | Killed an Orb Guardian
 12106 | D        | Killed an Orb Guardian
 12109 | D        | Received a gift from Trog
 12110 | D        | Noticed an Orb Guardian
 12111 | D        | Noticed an Orb Guardian
 12112 | D        | Noticed an Orb Guardian
 12117 | D        | Killed an Orb Guardian
 12121 | D        | Killed an Orb Guardian
 12127 | D        | Killed an Orb Guardian
 12128 | D        | Noticed an Orb Guardian
 12130 | D        | Noticed an Orb Guardian
 12135 | D        | Mangled by an Orb Guardian

Illustrated notes

Levels and vault maps discovered:
D:        linesprint [early_d, line_temple, items_1, d_10, items_2, lair_1,
          lair_end, items_3, orc_1, orc_end, items_4, d_15, swamp_1, shoals_1,
          snake_1, spider_1, d_20, vaults_1, items_5, swamp_end, shoals_end,
          snake_end, spider_end, vaults_end, d_27, items_6, zot_1, zot_end,
          crypt_end, forest_end, elf_end, slime_end, tomb_end, abyss_end,
          pan_hell_end]

Skill      XL: |  1  2  3  4  5  6  7  8  9 10 11 12 13 14 15 16 17 18 |
---------------+-------------------------------------------------------+-----
Fighting       | 5 7 10 11 13 15 16 17 20 22 27 | 27.0
Maces & Flails | 5 7 |  7.4
Armour         | 3 5 6 7 8 10 12 14 16 20 26 27 | 27.0
Dodging        | 3 5 6 7 8 9 10 13 17 27 | 27.0
Long Blades    | 5 7 11 13 16 20 23 26 27 | 27.0
Evocations     | 1 2 3 4 5 12 26 27 | 27.0
Shields        | 1 6 13 27 | 27.0
Throwing       | 2 |  2.4
Short Blades   | 4 |  4.1
Axes           | 4 |  4.5
Polearms       | 4 |  4.4
Staves         | 4 |  4.5
Slings         | 4 |  4.3
Bows           | 4 |  4.0
Crossbows      | 4 |  4.0
Unarmed Combat | 4 |  4.0
Invocations    | 3 |  3.7
Stealth        | 3 9 23 | 23.3

Action                   |  1- 3 |  4- 6 |  7- 9 | 10-12 | 13-15 | 16-18 || total
-------------------------+-------+-------+-------+-------+-------+-------++-------
Melee: Mace              |    21 |     3 |       |       |       |       ||    24
       Headbutt          |     3 |     2 |     5 |    56 |   144 |   234 ||   444
       Eudemon blade     |       |    13 |    26 |   306 |   618 |   796 ||  1759
       Punch             |       |       |       |     6 |     3 |       ||     9
Throw: Dart              |       |       |       |       |     3 |       ||     3
Invok: Berserk           |     1 |     1 |     1 |     3 |     2 |       ||     8
       Brothers in Arms  |       |       |     1 |     2 |     6 |     2 ||    11
       Trog's Hand       |       |       |       |       |     1 |       ||     1
Evoke: Wand              |       |       |     4 |     3 |     3 |       ||    10
  Use: Potion            |       |       |     1 |     2 |     7 |     4 ||    14
       Scroll            |       |       |       |       |     3 |    15 ||    18
Armor: Animal skin       |     1 |     1 |       |       |       |       ||     2
       Chain mail        |       |       |     9 |    18 |   212 |    20 ||   259
       Plate armour      |       |       |       |    44 |       |    51 ||    95
       Gold dragon scale |       |       |       |       |       |    52 ||    52
Dodge: Dodged            |    11 |     4 |    14 |    94 |   182 |   134 ||   439
Block: Other             |       |       |       |     5 |    29 |       ||    34
       Reflection        |       |       |       |       |     4 |     4 ||     8
       Tower shield      |       |       |       |       |   336 |   559 ||   895

Table legend: (Time is in decaauts) A = Elapsed time spent in this place. B = Non-inter-level travel time spent in this place. C = Inter-level travel time spent in this place. D = Time resting spent in this place. E = Time spent auto-exploring this place. F = Levels seen in this place. G = Mean time per level. A B C D E F G +--------+--------+--------+--------+--------+-----+--------+ Total | 11899 | 11899 | 0 | 6910 | 1093 | 1 | 11899.0 | Dungeon | 11899 | 11899 | 0 | 6910 | 1093 | 1 | 11899.0 | +--------+--------+--------+--------+--------+-----+--------+

Top non-repeatable levels by time:
       D: 11899 daAuts
